Map: Rifts to Korhal

Players

LilArrin

  • Race: Protoss Protoss
  • Spawn Location: 7:00

LilArrin

  • Race: Terran Terran
  • Spawn Location: 7:00

VOD

Have the link to the VOD?

Description

Time

  • Played on: Aug. 25, 2017, 3 a.m.
  • Length: 17:31
Show
View Real Time Build Order
Export as new Build Order

LilArrin Protoss 

Build Orders:  

Get SALT Encoding   

Show
View Real Time Build Order
Export as new Build Order

LilArrin Terran 

Build Orders:  

Get SALT Encoding   

  12  0:03  SCV  
  3  0:20  SCV  
  14  0:32  Supply Depot  
  14  0:36  SCV  
  15  0:53  Barracks, SCV  
  16  1:10  SCV  
  17  1:24  Marine  
  17  1:28  Orbital Command  
  18  1:33  Bunker  
  18  1:34  Marine  
  19  1:44  Marine  
  20  1:51  Supply Depot  
  20  1:54  Marine  
  21  2:04  SCV  
  22  2:21  SCV  
  23  2:37  SCV  
  24  2:41  Command Center  
  24  2:54  SCV  
  25  3:11  SCV  
  26  3:21  Command Center  
  26  3:30  SCV  
  26  3:33  Refinery  
  26  3:37  Refinery  
  26  3:39  Barracks  
  27  3:47  SCV  
  28  3:55  Engineering Bay  
  28  4:18  Barracks Tech Lab  
  28  4:20  SCV  
  29  4:34  Barracks  
  29  4:35  Orbital Command  
  29  4:37  SCV  
  30  4:49  Terran Infantry Weapons Level 1  
  30  4:54  Barracks Reactor, SCV  
  31  5:02  Orbital Command  
  31  5:07  Barracks Reactor  
  31  5:11  SCV, Combat Shields  
  32  5:28  SCV  
  33  5:39  Medic  
  33  5:49  Medic  
  35  5:53  Marine  
  35  5:54  Marine  
  35  5:58  SCV  
  35  5:59  Marine, SCV  
  41  6:09  Marine  
  42  6:12  Marine  
  42  6:14  Marine x2  
  42  6:19  Marine  
  46  6:22  Marine  
  46  6:26  Marine x2, SCV  
  46  6:27  SCV  
  46  6:29  Medic  
  52  6:35  Marine x2  
  52  6:38  Marine x2  
  53  6:40  Medic  
  53  6:45  Marine  
  53  6:46  Marine  
  53  6:48  Marine  
  53  6:49  Marine  
  57  6:50  Medic  
  57  6:56  Marine  
  61  7:13  Medic, Marine x4, Supply Depot  
  61  7:16  SCV  
  45  7:20  Stabilizer Medpacks  
  68  7:24  SCV  
  68  7:29  Supply Depot  
  69  7:30  Marine x5  
  74  7:40  Marine x2  
  74  7:42  Marine  
  77  7:53  Terran Infantry Armor Level 1  
  77  7:55  Marine x3, Supply Depot  
  77  7:59  Marine  
  80  8:07  Marine x3  
  80  8:08  Marine  
  85  8:27  Marine  
  85  8:39  Marine x5, Supply Depot  
  85  8:42  Supply Depot  
  88  8:50  Marine x5  
  92  9:00  Marine x4  
  92  9:03  Concussive Shells, Marine  
  96  9:10  Medic  
  96  9:13  Marine x3  
  96  9:16  Marine  
  101  9:20  Medic  
  101  9:24  Marine  
  97  9:30  Medic  
  97  9:33  Marine  
  97  9:34  Barracks, Marine  
  97  9:35  Supply Depot  
  98  9:41  Medic, Marine x2  
  102  9:50  Marine  
  102  9:51  Medic  
  105  10:01  Marauder, Supply Depot  
  105  10:03  Marine x2  
  105  10:07  Marine  
  109  10:12  Barracks Tech Lab  
  109  10:13  Marine x2  
  109  10:14  Marauder, Marine  
  109  10:17  Marine  
  108  10:23  Marine  
  108  10:24  Marine x2  
  108  10:26  Medic  
  108  10:27  Marine  
  113  10:33  Marine  
  113  10:34  Marine x2  
  113  10:36  Medic  
  113  10:39  Marine  
  65  10:40  Marine  
  115  10:43  Marine  
  117  10:53  Supply Depot  
  117  10:54  Marauder x2, Marine x2  
  117  10:55  Supply Depot  
  117  10:58  Supply Depot  
  123  11:02  Marine x2  
  123  11:04  Marine  
  123  11:06  Medic x2  
  123  11:07  Marine  
  130  11:12  Marine  
  130  11:13  Marine  
  130  11:16  Medic x2  
  137  11:21  Marine  
  137  11:22  Marine  
  137  11:25  Marine  
  137  11:26  Marine  
  141  11:56  Marine x5  
  141  11:57  Marauder  
  141  11:58  Supply Depot  
  141  11:59  Supply Depot  
  125  12:01  Supply Depot  
  125  12:06  Medic, Marine x4  
  125  12:09  Marauder  
  127  12:16  Medic, Marine x2  
  127  12:17  Marine x2  
  135  12:21  Marine  
  135  12:26  SCV  
  135  12:27  Marine, SCV  
  136  12:32  Medic  
  136  12:33  Marine x2  
  136  12:34  Marine  
  136  12:37  Medic  
  141  12:43  Marauder, Marine  
  141  12:47  Medic  
  141  12:49  SCV  
  78  12:50  SCV x2  
  142  13:00  Marauder x2, Marine  
  142  13:09  Marine x2  
  144  13:10  Marine  
  144  13:12  Medic  
  144  13:13  Marauder  
  151  13:20  Marine x2  
  151  13:21  Marine x2  
  155  13:30  Marine x2  
  155  13:34  Marine x2  
  155  13:35  Marine x2  
  159  13:40  Medic, Marine  
  159  13:44  Marine  
  159  13:45  Medic  
  159  13:46  Marine x2  
  163  13:50  Marine  
  163  13:51  Marine  
  163  13:54  Marine  
  165  14:04  Medic x2, Marine, Supply Depot  
  165  14:05  Supply Depot, Marine x2  
  165  14:07  SCV x2  
  165  14:08  Supply Depot, Marine  
  174  14:14  Medic  
  174  14:19  Marine x3  
  177  14:23  Marine x2  
  177  14:25  Medic  
  177  14:29  Marine x2  
  88  14:30  Marine  
  183  14:33  Marine  
  183  14:34  Marauder  
  183  14:35  Marauder  
  189  14:42  Marine  
  189  14:44  Marine  
  189  14:46  Medic, Marine x2  
  189  14:47  Medic  
  185  15:00  Marine, Supply Depot  
  185  15:03  Supply Depot  
  183  15:24  Marine x3  
  183  15:25  Marauder x2, Marine  
  183  15:34  Marine x2  
  183  15:37  Medic x2, Marine  
  183  15:38  Marine  
  181  15:44  Marine x2  
  181  15:47  Marine x2  
  181  15:48  Marauder, Marine  
  187  15:54  Marine x2  
  187  15:58  Marine x3  
  190  16:00  Marauder  
  190  16:04  Marine  
  190  16:05  Marine  
  190  16:08  Marauder, Marine x2  
  199  16:20  Marine  
  200  16:33  Marine x2  
  200  16:34  Marine x2  
  200  16:38  Marine x2  
  196  16:43  Marine x2  
  196  16:44  Marine x2  
Tags
 
Commander
FenixRaynor
Matchup
Co-op
Replay Pack
Co-op Speedrun
Add a new tag
Caveats
  • Supply blocks, unpowered buildings, or Contaminate may cause inaccurate times.
  • Supply counts are checked every 10 seconds.